 Dungeon Crawl Stone Soup version 0.29-a0-1065-g47a6bb87d6 (webtiles) character file.

Game seed: 13486214097257112017

1818 Newt the Cutter (level 8, 0/60 HPs)
             Began as a Demonspawn Gladiator on Aug 18, 2022.
             Was a Follower of Dithmenos.
             Slain by an ogre
             ... wielding a +0 giant spiked club
              (17 damage)
             ... on level 6 of the Dungeon.
             The game lasted 00:12:29 (5803 turns).

Newt the Cutter (Demonspawn Gladiator)              Turns: 5803, Time: 00:12:29

Health: 0/60       AC:  9    Str: 20    XL:     8   Next: 85%
Magic:  8/8        EV: 13    Int: 15    God:    Dithmenos [*.....]
Gold:   268        SH:  9    Dex: 18    Spells: 7/7 levels left

rFire   . . .      SeeInvis .   a - +3 dagger (venom)
rCold   . . .      Faith    .   t - +3 buckler
rNeg    . . .      Spirit   .   q - +4 robe of Augmentation {Str+4 Int+4 Dex+4}
rPois   .          Reflect  .   c - +0 helmet
rElec   .          Harm     .   l - scarf {repulsion}
rCorr   .          Rampage  .   (no gloves)
Will    .....                   (no boots)
Stlth   ++........              (no amulet)
HPRegen 1.20/turn               (no ring)
MPRegen 0.11/turn               (no ring)

@: lethally poisoned (0 -> 0), wreathed by umbra, repel missiles
A: claws 1, powered by death 2, sharp scales 2
a: Renounce Religion


You were on level 6 of the Dungeon.
You worshipped Dithmenos.
Dithmenos was aware of your devotion.
You visited 2 branches of the dungeon, and saw 7 of its levels.
You also visited: Sewer.

You collected 268 gold pieces.

Inventory:

Hand Weapons
 a - a +3 dagger of venom (weapon)
 b - a +0 sling
 y - a +0 rapier
 G - a +1 dagger of speed
Missiles
 d - 2 throwing nets
 e - a javelin
 f - 18 poisoned darts
 j - 48 stones (quivered)
Armour
 c - a +0 helmet (worn)
 k - a +1 chain mail of fire resistance
 l - a scarf of repulsion (worn)
 m - a +0 chain mail
 o - a +0 leather armour
 q - the +4 robe of Augmentation (worn) {Str+4 Int+4 Dex+4}
   (You found it on level 2 of the Dungeon)

   Str:       It affects your strength (+4).
   Int:       It affects your intelligence (+4).
   Dex:       It affects your dexterity (+4).
 t - a +3 buckler (worn)
Jewellery
 n - a ring of ice
 I - a +6 ring of dexterity
Wands
 A - a wand of charming (7)
Scrolls
 i - 3 scrolls of poison
 w - a scroll of acquirement {unknown}
 x - 2 scrolls of blinking
 z - 2 scrolls of immolation {unknown}
 C - 2 scrolls of teleportation
 F - a scroll of fog {unknown}
 J - 2 scrolls of enchant weapon
 K - a scroll of noise {unknown}
Potions
 g - a potion of cancellation
 h - 3 potions of degeneration
 p - a potion of might
 r - a potion of mutation
 s - 3 potions of curing
 u - 2 potions of haste
 B - a potion of attraction
 D - a potion of ambrosia


   Skills:
 - Level 4.0 Fighting
 - Level 6.0 Short Blades
 - Level 2.0 Ranged Weapons
 - Level 4.0 Throwing
 * Level 4.1 Dodging
 - Level 2.0 Stealth
 - Level 6.0 Shields


You had 7 spell levels left.
You didn't know any spells.
Your spell library was empty.

Dungeon Overview and Level Annotations

Branches:
Dungeon (6/15)             Temple (1/1) D:5           Sewer (visited)

Altars:
Ashenzari
Cheibriados
Dithmenos
Fedhas
Gozag
Hepliaklqana
Kikubaaqudgha
Makhleb
Qazlal
Ru
Sif Muna
Vehumet
Wu Jian
Xom
Yredelemnul


Innate Abilities, Weirdness & Mutations

You have sharp fingernails.
You regenerate health from kills.
You are mostly covered in razor-sharp scales. (AC +2, Slay +2)


Message History

Dithmenos accepts your kill.
You puncture the ogre!
The ogre is poisoned.
The ogre is moderately wounded.
The gnoll sergeant hits you but does no damage.
The ogre barely misses you.
You puncture the ogre!
The ogre looks as sick as possible!
The ogre is heavily wounded.
The ogre attacks as you move away!
The ogre hits you with a +0 giant spiked club!!
The gnoll sergeant misses you.
The gnoll sergeant hits you from afar with a +3 spear of venom.
You are poisoned.
You hit the gnoll sergeant.
The gnoll sergeant is severely wounded.
You feel sick.
The gnoll sergeant hits you from afar with a +3 spear of venom!
* * * LOW HITPOINT WARNING * * *
Unknown command.
You hit the gnoll sergeant.
The gnoll sergeant looks even sicker.
The gnoll sergeant is almost dead.
You feel sick. The gnoll sergeant barely misses you.
The gnoll sergeant completely misses you.
Unknown command.
You feel much better.
You feel sick.
You kill the gnoll sergeant!
Dithmenos accepts your kill. You block the gnoll sergeant's attack.
The ogre hits you with a +0 giant spiked club!!
* * * LOW HITPOINT WARNING * * *
Training target 6.0 for Shields reached!
Your Shields skill increases to level 6!
You need to enable at least one skill for training.
Unknown command.
You hit the ogre.
The ogre looks as sick as possible!
The ogre is almost dead.
You feel sick.
Unknown command.
The ogre attacks as you move away!
The ogre hits you with a +0 giant spiked club!
You die...

########################
'..?..$.$......'...#....
'....)...))..÷)'g..#....
####'†########)#O..#..♣
#.$.... #.))#@).#
#....o.. #...#...#
#.|....g. #.>.#####
#.....?... #...#
############'''#PPPPP..
#♣♣♣...♣♣♣♣....♣PPP♣P..
♣P♣.....♣........♣P....
...P...♣.♣P...........
......P..............


You could see an ogre (extremely poisoned) and a gnoll sergeant.

Vanquished Creatures
  Grinder (D:5)
  Sigmund (D:6)
  A black bear (D:6)
  A kobold brigand (D:6)
  A gnoll sergeant (D:6)
  2 bullfrogs (Sewer)
  4 scorpions
  An electric eel (D:6)
  2 orc priests (D:6)
  7 hounds
  2 gnoll boudas
  Jessica (D:2)
  Terence (D:3)
  An iguana (D:5)
  4 orc wizards
  12 gnolls
  13 adders
  An ufetubus (D:4)
  2 dart slugs
  7 orcs
  4 endoplasms
  9 giant cockroaches
  7 goblins
  9 hobgoblins
  3 jackals (D:1)
  5 kobolds
  6 quokkas
  10 ball pythons
  4 bats
  6 frilled lizards
  3 rats
131 creatures vanquished.

Vanquished Creatures (others)
  A fungus (D:1)
  28 plants (D:6)
29 creatures vanquished.

Grand Total: 160 creatures vanquished

Notes
Turn   | Place    | Note
-------+----------+-------------------------------------------
     0 | D:1      | Newt the Demonspawn Gladiator began the quest for the Orb.
     0 | D:1      | Reached XP level 1. HP: 16/16 MP: 1/1
   179 | D:1      | Reached skill level 1 in Stealth
   241 | D:1      | Gained mutation: You are partially covered in razor-sharp
                  | scales. (AC +1, Slay +1) [demonic ancestry]
   241 | D:1      | Reached XP level 2. HP: 16/22 MP: 2/2
   503 | D:1      | Found a faded altar of an unknown god.
  1371 | D:2      | Found a basalt altar of Yredelemnul.
  1373 | D:2      | Found the +4 robe of Augmentation {Str+4 Int+4 Dex+4}
  1458 | D:2      | Reached XP level 3. HP: 28/28 MP: 3/3
  1485 | D:2      | Noticed Jessica
  1497 | D:2      | Killed Jessica
  1684 | D:2      | Gained mutation: You regenerate a little health from kills.
                  | [demonic ancestry]
  1684 | D:2      | Reached XP level 4. HP: 27/37 MP: 4/4
  2176 | D:3      | Noticed Terence
  2203 | D:3      | Killed Terence
  2254 | D:3      | Found a glowing drain.
  2266 | Sewer    | Entered a sewer
  2399 | Sewer    | Gained mutation: You are mostly covered in razor-sharp
                  | scales. (AC +2, Slay +2) [demonic ancestry]
  2399 | Sewer    | Reached XP level 5. HP: 32/42 MP: 5/5
  2577 | Sewer    | Reached XP level 6. HP: 40/48 MP: 6/6
  2767 | D:3      | Found a burning altar of Makhleb.
  3029 | D:3      | Found a broken altar of Ashenzari.
  3554 | D:4      | Gained mutation: You have sharp fingernails. [demonic
                  | ancestry]
  3554 | D:4      | Reached XP level 7. HP: 54/54 MP: 7/7
  3857 | D:5      | Entered Level 5 of the Dungeon
  3917 | D:5      | Noticed Grinder
  3920 | D:5      | Paralysed by Grinder for 2 turns
  3942 | D:5      | Killed Grinder
  3943 | D:5      | Reached skill level 5 in Short Blades
  4444 | D:5      | Found a staircase to the Ecumenical Temple.
  4523 | D:6      | Gained mutation: You regenerate health from kills. [demonic
                  | ancestry]
  4523 | D:6      | Reached XP level 8. HP: 51/60 MP: 8/8
  4585 | Temple   | Entered the Ecumenical Temple
  4585 | Temple   | Found a transporter.
  4585 | Temple   | Found a transporter.
  4587 | Temple   | Found a transporter.
  4587 | Temple   | Found a transporter.
  4624 | Temple   | Became a worshipper of Dithmenos the Shadowed
  4799 | D:5      | Reached skill level 1 in Shields
  5277 | D:6      | Noticed Sigmund
  5288 | D:6      | Killed Sigmund
  5586 | D:6      | Reached * piety under Dithmenos
  5604 | D:6      | Reached skill level 5 in Shields
  5803 | D:6      | Slain by an ogre

Illustrated notes

Levels and vault maps discovered:
D:1:      dpeg_arrival_shrine, layout_loops_ring,
          dreamdust_ecumenical_altar_grove, glass_columns_a
D:2:      layout_basic, basic_altar, grunt_ministairs_11, uniq_jessica
D:3:      layout_rooms, mainiacjoe_overflow_big_doors, portal_sewer_entry_b,
          uniq_terence
D:4:      layout_gridville, minmay_distorted
D:5:      layout_basic, temple_statues, nicolae_figureground_sparkle,
          uniq_grinder
D:6:      kennysheep_housing_project, layout_gridville, minmay_crystal_water,
          uniq_sigmund
Temple:   hellmonk_temple_divided_pantheon

Skill      XL: |  1  2  3  4  5  6  7  8 |
---------------+-------------------------+-----
Stealth        | 1 2 |  2.0
Fighting       | 3 4 |  4.0
Throwing       | 2 4 |  4.0
Ranged Weapons | 2 |  2.0
Dodging        | 4 |  4.1
Short Blades   | 3 6 |  6.0
Shields        | 6 |  6.0

Action                   |  1- 3 |  4- 6 |  7- 9 || total
-------------------------+-------+-------+-------++-------
Melee: Rapier            |    82 |    74 |       ||   156
       Punch             |     1 |     1 |     2 ||     4
       Dagger            |       |    39 |   190 ||   229
 Fire: Sling             |    21 |   119 |    54 ||   194
Throw: Throwing net      |     3 |       |       ||     3
       Dart              |     2 |       |       ||     2
       Stone             |     1 |       |       ||     1
  Use: Scroll            |       |     5 |    10 ||    15
       Potion            |       |     1 |     2 ||     3
 Stab: Sleeping          |     1 |     1 |       ||     2
Armor: Leather armour    |    18 |       |       ||    18
       Robe              |    14 |    57 |    52 ||   123
Dodge: Dodged            |    56 |   150 |    83 ||   289
       Repelled          |       |     1 |     3 ||     4
Block: Buckler           |       |       |    49 ||    49

Table legend: (Time is in decaauts)
 A = Elapsed time spent in this place.
 B = Non-inter-level travel time spent in this place.
 C = Inter-level travel time spent in this place.
 D = Time resting spent in this place.
 E = Time spent auto-exploring this place.
 F = Levels seen in this place.
 G = Mean time per level.
                   A        B        C        D        E       F      G
               +--------+--------+--------+--------+--------+-----+--------+
         Total |   5811 |   5561 |    250 |    935 |   3324 |   8 |  726.4 |
       Dungeon |   5298 |   5049 |    249 |    856 |   3124 |   6 |  883.0 |
        Temple |     54 |     54 |      0 |      0 |      2 |   1 |   54.0 |
         Sewer |    459 |    459 |      0 |     79 |    198 |   1 |  459.0 |
               +--------+--------+--------+--------+--------+-----+--------+

Top non-repeatable levels by time:
     D:2: 1174 daAuts
     D:6: 925 daAuts
     D:1: 923 daAuts
     D:5: 908 daAuts
     D:4: 807 daAuts
     D:3: 558 daAuts
   Sewer: 459 daAuts
  Temple: 54 daAuts
